 Dungeon Crawl Stone Soup version 0.26-a0-43-g20b394cb32 (webtiles) character file.

Game seed: 10101669639217497964

8237 Glundar the Cleaver (level 11, -6/99 HPs)
             Began as a Hill Orc Fighter on June 3, 2020.
             Was a Believer of Beogh.
             Mangled by a troll (10 damage)
             ... on level 10 of the Dungeon.
             The game lasted 00:29:43 (11999 turns).

Glundar the Cleaver (Hill Orc Fighter)             Turns: 11999, Time: 00:29:44

Health: -6/99      AC: 17    Str: 23    XL:     11   Next: 27%
Magic:  11/11      EV:  7    Int:  8    God:    Beogh [**....]
Gold:   428        SH: 12    Dex: 10    Spells: 10/10 levels left

rFire    . . .     SeeInvis .   a - +1 war axe (vorpal)
rCold    . . .     Gourm    .   c - +0 kite shield
rNeg     . . .     Faith    .   F - +0 chain mail
rPois    .         Spirit   .   G - +0 helmet
rElec    .         Reflect  .   k - +0 cloak
rCorr    .         Harm     .   s - +0 pair of gloves
MR       .....                  w - +0 pair of boots
Stlth    ..........             (no amulet)
HPRegen  0.26/turn              (no ring)
MPRegen  0.12/turn              (no ring)

@: no status effects
A: no striking features
a: Smiting, Renounce Religion


You were on level 10 of the Dungeon.
You worshipped Beogh.
Beogh was pleased with you.
You were very hungry.

You visited 1 branch of the dungeon, and saw 10 of its levels.

You collected 428 gold pieces.

Inventory:

Hand Weapons
 a - a +1 vorpal war axe (weapon)
 b - a +0 hunting sling
 d - a +2 short sword of venom
Missiles
 h - 28 sling bullets
 r - 60 poisoned darts (quivered)
Armour
 c - a +0 kite shield (worn)
 k - a +0 cloak (worn)
 s - a +0 pair of gloves (worn)
 w - a +0 pair of boots (worn)
 F - a +0 chain mail (worn)
 G - a +0 helmet (worn)
Jewellery
 y - a +6 ring of intelligence {unknown}
 I - an uncursed ring of resist corrosion {unknown}
Wands
 A - a wand of polymorph (7)
 D - a wand of iceblast (12)
 H - a wand of acid (15)
Scrolls
 e - 2 scrolls of blinking {unknown}
 g - 3 scrolls of amnesia {unknown}
 i - a scroll of magic mapping {unknown}
 j - 7 scrolls of teleportation {unknown}
 l - 2 scrolls of fog {unknown}
 o - 3 scrolls of enchant armour {unknown}
 p - 2 scrolls of fear {unknown}
 v - 6 scrolls of identify {unknown}
 x - 6 scrolls of remove curse {unknown}
 B - a scroll of immolation {unknown}
 C - 2 scrolls of enchant weapon {unknown}
 K - a scroll of noise {unknown}
Potions
 n - 2 potions of flight {unknown}
 q - 2 potions of stabbing {unknown}
 u - 2 potions of mutation {unknown}
 z - 2 potions of ambrosia {unknown}
 E - a potion of degeneration {unknown}
Comestibles
 f - 12 rations


   Skills:
 + Level 10.1 Fighting
 + Level 11.1 Axes
 + Level 5.3 Slings
 + Level 9.3 Armour
 - Level 0.1 Dodging
 + Level 9.5 Shields


You had 10 spell levels left.
You didn't know any spells.
Your spell library contained the following spells:

 Spells                   Type           Power        Failure   Level  Hunger
 Animate Skeleton         Necr           N/A          99%         1    ##.....
 Beastly Appendage        Tmut           #.....       99%         1    ##.....
 Pain                     Necr           #...         99%         1    ##.....
 Sticks to Snakes         Tmut           #.......     100%        2    ###....
 Spider Form              Tmut/Pois      #.........   100%        3    ####...
 Vampiric Draining        Necr           #.........   100%        3    ####...
 Animate Dead             Necr           N/A          100%        4    #####..
 Ice Form                 Ice/Tmut       #.......     100%        4    #####..
 Agony                    Necr           #.......     100%        5    ######.
 Blade Hands              Tmut           #.........   100%        5    ######.
 Bolt of Magma            Conj/Fire/Erth #.........   100%        5    ######.
 Iskenderun's Battlesphe  Conj/Chrm      #.......     100%        5    ######.
 Iron Shot                Conj/Erth      #.........   100%        6    #######
 Orb of Destruction       Conj           #.........   100%        7    #######
 Spellforged Servitor     Conj/Summ      #.........   100%        7    #######


Dungeon Overview and Level Annotations

Branches:
Dungeon (10/15)            Temple (0/1) D:4            Lair (0/6) D:8
    Orc: D:9-12

Altars:
Cheibriados
Elyvilon
Fedhas
Makhleb
Nemelex Xobeh
Ru
Trog
Xom
Zin

Shops:
D:9 [


Message History

You slice the troll!!
The troll is severely wounded.
The orc warrior hits you from afar with a +0 halberd!
* * * LOW HITPOINT WARNING * * *
The troll bites you.
* * * LOW HITPOINT WARNING * * *
The troll barely misses you. You block the troll's attack.
Okay, then.
You feel better. You block the orc warrior's attack.
The troll barely misses you. You block the troll's attack. The troll claws you.
* * * LOW HITPOINT WARNING * * *
You closely miss the troll.
The troll is severely wounded.
You block the orc warrior's attack.
Your chain mail prevents you from hitting the troll.
The troll is severely wounded.
You block the troll's attack. The troll claws you!
* * * LOW HITPOINT WARNING * * *
You block the troll's attack. The troll barely misses you. The troll claws you!
You die...

#### #####...
########.....##
#........######
#.######## ..
#......... ..
#..#######.# ##
######..#######.####
#.T@...............<
#o#############.####
#>.o...................
#.##.T######...........
# #(.# #.)..#......
#o.# ###...........
#(.........#.#.#####
##(#...........#...#
o.................


You could see a troll, an orc warrior and an orc.

Vanquished Creatures
  2 two-headed ogres
  An ugly thing (D:9)
  The ghost of po7itron the Chucker, a novice CeHu of Okawaru (D:5)
  A wyvern (D:9)
  7 yaks
  2 hungry ghosts
  Menkaure (D:7)
  Duvessa (D:4)
  A porcupine (D:7)
  3 ice beasts
  An orc warrior (D:9)
  2 black bears
  An eye of draining (D:7)
  3 sky beasts
  2 phantoms
  5 ogres
  3 crocodiles (D:8)
  3 centaurs
  2 big kobolds
  3 bullfrogs
  A wyvern zombie (D:5)
  Dowan (D:4)
  3 scorpions
  8 killer bees
  7 howler monkeys
  4 crimson imps
  2 bullfrog zombies
  5 hounds
  4 jellies
  3 orc priests
  A centaur skeleton (D:6)
  A bullfrog skeleton (D:6)
  Natasha (thrice) (D:3)
  An iguana (D:8)
  6 orc wizards
  5 worker ants
  2 hound zombies (D:9)
  A hound skeleton (D:7)
  A howler monkey skeleton (D:7)
  9 gnolls
  12 adders
  2 shadow imps
  6 oozes
  2 adder zombies
  3 worms
  A dart slug (D:1)
  3 leopard geckos
  14 orcs
  A ball python (D:3)
  14 giant cockroaches
  4 goblins
  11 hobgoblins
  15 jackals
  3 quokkas
  A ball python zombie (D:5)
  7 bats
  6 frilled lizards
  A jackal skeleton (D:6)
  14 kobolds
  2 leopard gecko skeletons (D:5)
  5 rats
240 creatures vanquished.

Vanquished Creatures (others)
  An orc priest (D:8)
  An orc wizard (D:8)
  An orc (D:8)
  15 fungi (D:8)
  2 plants (D:8)
20 creatures vanquished.

Grand Total: 260 creatures vanquished

Notes
Turn   | Place    | Note
-------+----------+-------------------------------------------
     0 | D:1      | Glundar the Hill Orc Fighter began the quest for the Orb.
     0 | D:1      | Reached XP level 1. HP: 19/19 MP: 1/1
   107 | D:1      | Reached XP level 2. HP: 22/27 MP: 2/2
   566 | D:1      | Reached skill level 3 in Axes
   566 | D:1      | Reached XP level 3. HP: 32/33 MP: 3/3
  1292 | D:2      | Reached skill level 4 in Axes
  1292 | D:2      | Reached XP level 4. HP: 19/40 MP: 4/4
  1832 | D:2      | Reached skill level 5 in Axes
  1832 | D:2      | Reached XP level 5. HP: 38/46 MP: 5/5
  2144 | D:2      | Found a snail-covered altar of Cheibriados.
  2520 | D:3      | Noticed Natasha
  2528 | D:3      | Killed Natasha
  2929 | D:3      | Noticed Natasha
  2938 | D:3      | Killed Natasha
  2956 | D:3      | Noticed Natasha
  2962 | D:3      | Killed Natasha
  2962 | D:3      | Reached XP level 6. HP: 51/53 MP: 6/6
  3585 | D:4      | Found a staircase to the Ecumenical Temple.
  3958 | D:4      | Noticed a phantom
  3971 | D:4      | Killed a phantom
  4167 | D:4      | Reached skill level 5 in Fighting
  4445 | D:4      | Noticed Dowan
  4447 | D:4      | Noticed Duvessa
  4457 | D:4      | Killed Duvessa
  4457 | D:4      | Reached skill level 6 in Axes
  4457 | D:4      | Reached skill level 5 in Armour
  4457 | D:4      | Reached skill level 5 in Shields
  4457 | D:4      | Reached XP level 7. HP: 27/61 MP: 7/7
  4473 | D:4      | Killed Dowan
  4918 | D:5      | Entered Level 5 of the Dungeon
  4953 | D:5      | Found a sacrificial altar of Ru.
  4953 | D:5      | Found a shimmering altar of Xom.
  5120 | D:5      | Found a runed translucent gate.
  5120 | D:5      | Found a runed translucent gate.
  5120 | D:5      | Found a runed translucent gate.
  5127 | D:5      | Found a bloodstained altar of Trog.
  5128 | D:5      | Noticed po7itron's ghost (novice CeHu)
  5579 | D:5      | Reached skill level 7 in Axes
  5579 | D:5      | Reached XP level 8. HP: 27/70 MP: 8/8
  5961 | D:5      | Killed po7itron's ghost
  6686 | D:6      | Reached skill level 8 in Axes
  7378 | D:7      | Reached XP level 9. HP: 76/79 MP: 9/9
  7397 | D:7      | Reached skill level 1 in Slings
  7619 | D:7      | Found a sparkling altar of Nemelex Xobeh.
  7772 | D:7      | Noticed Menkaure
  7783 | D:7      | Killed Menkaure
  8377 | D:7      | Found a glowing silver altar of Zin.
  8408 | D:7      | Reached skill level 9 in Axes
  8486 | D:7      | Found a white marble altar of Elyvilon.
  8982 | D:8      | Found a staircase to the Lair.
  9018 | D:7      | Reached XP level 10. HP: 74/90 MP: 10/10
  9258 | D:8      | Became a worshipper of Beogh the Brigand
  9504 | D:8      | Found a blossoming altar of Fedhas.
  9511 | D:8      | Found a burning altar of Makhleb.
  9941 | D:8      | Reached skill level 10 in Axes
 10072 | D:8      | Reached * piety under Beogh
 10128 | D:9      | Paralysed by fainting for 5 turns
 10197 | D:9      | Noticed a red ugly thing
 10202 | D:9      | Noticed a two-headed ogre
 10226 | D:9      | Killed a red ugly thing
 10239 | D:8      | Killed a two-headed ogre
 10820 | D:9      | Reached XP level 11. HP: 83/99 MP: 11/11
 10866 | D:9      | Reached ** piety under Beogh
 10866 | D:9      | Reached skill level 5 in Slings
 11325 | D:9      | Found Ohipovin's Antique Armour Shop.
 11370 | D:10     | Entered Level 10 of the Dungeon
 11449 | D:10     | Noticed a two-headed ogre
 11472 | D:10     | Killed a two-headed ogre
 11472 | D:10     | Reached skill level 10 in Fighting
 11472 | D:10     | Reached skill level 11 in Axes
 11999 | D:10     | HP: 4/99 [troll (8)]
 11999 | D:10     | Mangled by a troll

Illustrated notes

Levels and vault maps discovered:
D:1:      onia_arrival_mini_maze, layout_loops_ring
D:2:      layout_basic, cheibriados_altar_1, first_ration
D:3:      layout_loops_cross, uniq_natasha
D:4:      layout_basic, minmay_temple_entry_gardened_gates,
          hangedman_decor_slide_cut, uniq_duvessa
D:5:      layout_cave_pools, nicolae_overflow_hidden_temple,
          chequers_temple_overflow_statue_of_worship, gammafunk_ghost_necromancy
D:6:      layout_loops_corners, feat_on_display
D:7:      layout_basic, old_standard_altar, zin_statuary, elyvilon_altar_3,
          uniq_menkaure
D:8:      layout_basic, grunt_temple_overflow_open, due_lair_maze_entry_diamond,
          hangedman_little_slice_of_home
D:9:      layout_loops_ring, serial_shops, kennysheep_mini
D:10:     layout_basic, uniq_fannar

Skill      XL: |  1  2  3  4  5  6  7  8  9 10 11 |
---------------+----------------------------------+-----
Fighting       | 4 5 6 7 8 9 10 | 10.1
Axes           | 3 4 5 6 7 8 9 10 11 | 11.1
Shields        | 4 5 6 8 9 |  9.5
Armour         | 4 5 6 7 9 |  9.3
Slings         | 3 4 5 |  5.3
Dodging        | |  0.1

Action                   |  1- 3 |  4- 6 |  7- 9 | 10-12 || total
-------------------------+-------+-------+-------+-------++-------
Melee: War axe           |   150 |   189 |   409 |   271 ||  1019
 Fire: Hunting sling     |       |       |    80 |    91 ||   171
Invok: Convert to Beogh  |       |       |       |     1 ||     1
  Use: Potion            |       |       |     3 |     5 ||     8
  Eat: Chunk             |     2 |     7 |     8 |     7 ||    24
       Ration            |       |     1 |     2 |     3 ||     6
Armor: Scale mail        |    83 |    74 |   130 |       ||   287
       Chain mail        |       |       |   119 |   126 ||   245
Dodge: Dodged            |    53 |    54 |   120 |    63 ||   290
Block: Kite shield       |    77 |    94 |   236 |   189 ||   596

Table legend:
 A = Non-vault XP
 B = Vault XP
 C = Vault XP percentage of total XP
 D = Non-vault monster count
 E = Vault monster count
 F = Vault count percentage of total count
                 A         B        C        D         E       F
            +---------+---------+-------+---------+---------+-------
      Total |    9398 |    2370 |  20.1 |     213 |      27 |  11.2
            +---------+---------+-------+---------+---------+-------
        D:1 |      54 |       1 |   1.8 |      27 |       1 |   3.6
        D:2 |     129 |       0 |   0.0 |      27 |       0 |   0.0
        D:3 |     146 |      35 |  19.3 |      23 |       1 |   4.2
        D:4 |     227 |     230 |  50.3 |       9 |       2 |  18.2
        D:5 |     427 |     557 |  56.6 |      16 |       4 |  20.0
        D:6 |     446 |       0 |   0.0 |      17 |       0 |   0.0
        D:7 |    1453 |     800 |  35.5 |      28 |       5 |  15.2
        D:8 |    2195 |     747 |  25.4 |      20 |      14 |  41.2
        D:9 |    2565 |       0 |   0.0 |      32 |       0 |   0.0
       D:10 |    1756 |       0 |   0.0 |      14 |       0 |   0.0
            +---------+---------+-------+---------+---------+-------
